 Dungeon Crawl Stone Soup version 0.20-b1 (webtiles) character file.

8429 Mesmaeker13 the Destroyer (level 11, -2/62 HPs)
             Began as a Deep Elf Conjurer on May 18, 2017.
             Was an Elder of Sif Muna.
             Shot with an arrow by a centaur (16 damage)
             ... on level 11 of the Dungeon.
             The game lasted 00:39:14 (16380 turns).

Mesmaeker13 the Destroyer (Deep Elf Conjurer)      Turns: 16380, Time: 00:39:15

Health: -2/62      AC:  7    Str:  8    XL:     11   Next: 9%
Magic:  18/25      EV: 19    Int: 21    God:    Sif Muna [****..]
Gold:   325        SH:  0    Dex: 18    Spells: 8/26 levels left

rFire    . . .     SeeInvis .   K - staff of conjuration
rCold    . . .     Gourm    .   (no shield)
rNeg     + . .     Faith    .   t - +2 robe
rPois    .         Spirit   .   (no helmet)
rElec    .         Reflect  .   v - +0 cloak
rCorr    .         Harm     .   D - +0 pair of gloves
MR       +....                  W - +0 pair of boots
Stlth    ++........             (no amulet)
Regen    0.2/turn               g - ring of positive energy
MPRegen  0.2/turn               o - +3 ring of dexterity

@: no status effects
A: no striking features
a: Divine Energy, Channel Magic, Forget Spell, Renounce Religion


You were on level 11 of the Dungeon.
You worshipped Sif Muna.
Sif Muna was greatly pleased with you.
You were not hungry.

You visited 2 branches of the dungeon, and saw 12 of its levels.

You collected 415 gold pieces.
You spent 90 gold pieces at shops.

Inventory:

Hand Weapons
 c - a +0 blowgun
 k - a cursed -2 rapier
 q - a +1 rapier of flaming
 M - a +0 whip of venom
Missiles
 i - 14 poisoned needles
 S - a throwing net (quivered)
Armour
 d - a cursed +0 ring mail
 t - a +2 robe (worn)
 v - a +0 cloak (worn)
 D - a +0 pair of gloves (worn)
 J - the +0 robe of Bawnoinu {-Tele rElec rPois Dex+6}
   (You found it on level 6 of the Dungeon)

   It affects your dexterity (+6).
   It insulates you from electricity.
   It protects you from poison.
   It prevents most forms of teleportation.
 Q - a +3 ring mail
 W - a +0 pair of boots (worn)
Magical Staves
 K - an uncursed staff of conjuration (weapon)
Jewellery
 g - a ring of positive energy (left hand)
 o - a +3 ring of dexterity (right hand)
 w - an uncursed ring of ice
 H - an uncursed amulet of faith
Wands
 E - a wand of digging (15/24)
 U - a wand of polymorph (12/24)
Scrolls
 e - 3 scrolls of magic mapping
 h - a scroll of recharging
 m - 3 scrolls of immolation
 p - 2 scrolls of silence {unknown}
 r - 5 scrolls of remove curse
 s - a scroll of fog {unknown}
 u - 2 scrolls of random uselessness {unknown}
 x - 7 scrolls of enchant armour
 y - 2 scrolls of amnesia
 A - a scroll of enchant weapon {unknown}
 I - a scroll of fear {unknown}
 L - 3 scrolls of torment
 N - a scroll of noise {unknown}
 Y - a scroll of teleportation
Potions
 f - 4 potions of curing
 j - a potion of flight {unknown}
 l - 2 potions of mutation
 B - 2 potions of magic {unknown}
 C - a potion of berserk rage {unknown}
 G - 2 potions of ambrosia {unknown}
 O - a potion of agility
 V - a potion of heal wounds
Books
 b - a book of Conjurations

   Spells                             Type                      Level
   a - Magic Dart                     Conjuration                  1
   b - Searing Ray                    Conjuration                  2
   c - Dazzling Spray                 Conjuration/Hexes            3
   d - Fulminant Prism                Conjuration/Hexes            4
   e - Force Lance                    Conjuration/Translocation    4
   f - Iskenderun's Mystic Blast      Conjuration                  4
 P - a book of Cantrips

   Spells                             Type                      Level
   a - Confusing Touch                Hexes                        1
   b - Animate Skeleton               Necromancy                   1
   c - Summon Small Mammal            Summoning                    1
   d - Apportation                    Translocation                1
Miscellaneous
 R - a phantom mirror
Comestibles
 a - 5 bread rations
 n - 3 royal jellies
 z - 10 fruits
 F - 5 meat rations
 T - 3 chunks of flesh


   Skills:
 + Level 4.8 Fighting
 + Level 9.0 Dodging
 - Level 2.4 Stealth
 - Level 8.2 Spellcasting
 + Level 11.3 Conjurations
 - Level 9.1 Hexes
 + Level 2.9 Translocations
 + Level 5.1 Invocations


You had 8 spell levels left.
You knew the following spells:

 Your Spells              Type           Power        Failure   Level  Hunger
a - Magic Dart            Conj           ####         1%          1    None
b - Searing Ray           Conj           ######       1%          2    None
c - Dazzling Spray        Conj/Hex       ######       1%          3    None
d - Fulminant Prism       Conj/Hex       ######....   1%          4    ###....
e - Iskenderun's Mystic   Conj           ######..     1%          4    ###....
f - Force Lance           Conj/Tloc      ######..     4%          4    ###....


Dungeon Overview and Level Annotations

Branches:
Dungeon (11/15)            Temple (1/1) D:5             Orc (0/2) D:10
   Lair: D:8-11

Altars:
Ashenzari
Cheibriados
Dithmenos
Elyvilon
Fedhas
Gozag
Hepliaklqana
Kikubaaqudgha
Makhleb
Nemelex Xobeh
Okawaru
Qazlal
Ru
Sif Muna
Trog
Uskayaw
Vehumet
Xom
Yredelemnul
Zin
The Shining One
Beogh

Shops:
D:6 *


Message History

Okay, then.
Casting: Fulminant Prism
Confirm with . or Enter, or press ? or * to list all spells.
Aiming: Fulminant Prism
Press: ? - help, Dir - move target cursor, f - you
Okay, then.
Evoke which item? (* to show all) (? for menu, Esc to quit)
Aiming: Dig (will waste charges)
Press: ? - help, Shift-Dir - straight line The rock shatters into small pieces.
Evoking this partially-identified wand wasted a few charges.
The centaur wields a shortbow.
The centaur shoots an arrow.
The arrow barely misses you.
The centaur shoots an arrow.
The arrow hits you!
The centaur shoots an arrow.
The arrow hits you.
The centaur shoots an arrow.
The arrow hits you!
The centaur shoots an arrow.
The arrow hits you.
* * * LOW HITPOINT WARNING * * *
You see here an arrow.
The centaur shoots an arrow.
The arrow hits you!
You die...

.# #.......... .##
#c.cc...... ..#
#..(..... ..##
#..$S..# ...#####.
#......# .........
#..(...##.#
..##########..(......#
...............(####.#
...............#@#
...............##.#
...............# #.#
.....................
#####.................
# #...................
# #.....######........
#.....# ........
#.....# .....


You could see 3 centaurs and an adder.

Vanquished Creatures
  A hydra (D:11)
  A two-headed ogre (D:10)
  A centaur zombie (D:10)
  2 trolls
  A hornet (D:10)
  Grinder (D:6)
  Sigmund (D:6)
  2 hippogriffs
  A wyvern (D:10)
  Eustachio (D:4)
  Edmund (D:5)
  Menkaure (D:4)
  Duvessa (D:6)
  2 black bears
  3 orc warriors
  6 ogres
  2 sky beasts
  2 phantoms (D:5)
  An eye of draining (D:10)
  3 centaurs
  2 necrophages
  8 bullfrogs
  A wyvern skeleton (D:10)
  6 killer bees
  A scorpion (D:6)
  Dowan (D:6)
  9 wights
  3 howler monkeys (D:10)
  A crimson imp (D:9)
  A quasit (D:2)
  A bullfrog zombie (D:10)
  3 hounds
  A gnoll shaman (D:7)
  7 orc priests
  3 jellies
  5 iguanas
  10 orc wizards
  Ijyb (D:5)
  9 worker ants
  2 hound zombies
  A hound skeleton (D:6)
  4 gnolls (D:7)
  16 adders
  5 shadow imps
  2 oozes
  An adder zombie (D:9)
  4 worms
  A dart slug (D:5)
  7 leopard geckos
  36 orcs
  8 giant cockroaches
  6 goblins
  8 hobgoblins
  23 jackals
  7 quokkas
  A ball python (D:6)
  4 bats
  6 frilled lizards
  A giant cockroach zombie (D:5)
  A jackal skeleton (D:4)
  9 kobolds
  14 rats
274 creatures vanquished.

Vanquished Creatures (others)
  32 fulminant prisms
32 creatures vanquished.

Grand Total: 306 creatures vanquished

Notes
Turn   | Place    | Note
-------+----------+-------------------------------------------
     0 | D:1      | Mesmaeker13 the Deep Elf Conjurer began the quest for the Orb.
     0 | D:1      | Reached XP level 1. HP: 10/10 MP: 6/6
   545 | D:1      | Reached XP level 2. HP: 15/15 MP: 2/8
   689 | D:1      | Reached skill level 5 in Conjurations
   903 | D:2      | Learned a level 2 spell: Searing Ray
  1188 | D:2      | Reached XP level 3. HP: 19/19 MP: 4/9
  1387 | D:2      | Learned a level 3 spell: Dazzling Spray
  1454 | D:2      | Found a hide-covered altar of Uskayaw.
  1675 | D:2      | Found a basalt altar of Yredelemnul.
  1684 | D:2      | Found a glowing golden altar of the Shining One.
  1816 | D:2      | Noticed an angel
  1980 | D:3      | Reached skill level 1 in Hexes
  1980 | D:3      | Reached XP level 4. HP: 12/24 MP: 2/10
  2313 | D:3      | Found a burning altar of Makhleb.
  3028 | D:3      | Noticed an Executioner
  3032 | D:3      | Noticed a hellwing
  3032 | D:3      | Noticed a ynoxinul
  3182 | D:3      | Reached XP level 5. HP: 28/28 MP: 4/11
  3403 | D:3      | Reached skill level 6 in Conjurations
  4169 | D:3      | Reached XP level 6. HP: 32/32 MP: 6/12
  4295 | D:4      | Learned a level 4 spell: Fulminant Prism
  4845 | D:4      | Noticed Menkaure
  4877 | D:4      | Killed Menkaure
  4877 | D:4      | Reached skill level 5 in Dodging
  5245 | D:4      | Noticed Eustachio
  5537 | D:4      | Reached XP level 7. HP: 36/36 MP: 8/14
  5666 | D:4      | Reached skill level 5 in Hexes
  5784 | D:4      | Reached skill level 7 in Conjurations
  6134 | D:5      | Entered Level 5 of the Dungeon
  6141 | D:5      | Noticed Edmund
  6210 | D:4      | Killed Eustachio
  6323 | D:5      | Noticed Ijyb
  6337 | D:5      | Killed Ijyb
  6341 | D:5      | Reached skill level 5 in Spellcasting
  6485 | D:5      | Found an opulent altar of Gozag.
  6674 | D:5      | Found Zin's Purification Station.
  6750 | D:5      | Found a glowing silver altar of Zin.
  6753 | D:5      | Bought a potion of curing for 90 gold pieces
  6757 | D:5      | Got a slimy robe
  6768 | D:5      | Identified the +1 robe of Wasted Space {-Cast rN+++ Int+4 Dex-4} (You found it on level 5 of the Dungeon)
  6880 | D:5      | Found a staircase to the Ecumenical Temple.
  6894 | Temple   | Entered the Ecumenical Temple
  6906 | Temple   | Became a worshipper of Sif Muna the Loreminder
  7173 | D:5      | Reached XP level 8. HP: 41/41 MP: 12/18
  7304 | D:5      | Found a blossoming altar of Fedhas.
  7396 | D:5      | Reached skill level 8 in Conjurations
  7827 | D:6      | Noticed Grinder
  7850 | D:6      | Killed Grinder
  7850 | D:6      | Reached * piety under Sif Muna
  8194 | D:6      | Found a shadowy altar of Dithmenos.
  8225 | D:6      | Found Romn's General Store.
  8361 | D:6      | Got a transparent robe
  8376 | D:6      | Identified the +0 robe of Bawnoinu {-Tele rElec rPois Dex+6} (You found it on level 6 of the Dungeon)
  8465 | D:6      | Noticed Dowan
  8479 | D:6      | Killed Dowan
  8511 | D:6      | Noticed Duvessa
  9134 | D:5      | Killed Edmund
  9231 | D:6      | Reached skill level 9 in Conjurations
  9231 | D:6      | Reached XP level 9. HP: 23/45 MP: 15/22
  9633 | D:6      | Noticed Sigmund
  9640 | D:6      | Killed Sigmund
  9640 | D:6      | Reached ** piety under Sif Muna
  9919 | D:6      | Killed Duvessa
  9977 | D:6      | Learned a level 4 spell: Iskenderun's Mystic Blast
 10773 | D:7      | Reached skill level 1 in Fighting
 11445 | D:7      | Reached skill level 10 in Conjurations
 11812 | D:8      | Found a roughly hewn altar of Beogh.
 12013 | D:8      | Reached skill level 1 in Invocations
 12748 | D:8      | Noticed a troll
 12780 | D:8      | Killed a troll
 12780 | D:8      | Reached XP level 10. HP: 55/55 MP: 19/24
 13239 | D:9      | Reached *** piety under Sif Muna
 13985 | D:10     | Entered Level 10 of the Dungeon
 14670 | D:10     | Learned a level 4 spell: Force Lance
 14673 | D:10     | Noticed a two-headed ogre
 14739 | D:10     | Killed a two-headed ogre
 14739 | D:10     | Reached skill level 11 in Conjurations
 14739 | D:10     | Reached skill level 1 in Translocations
 15603 | D:10     | Found a staircase to the Orcish Mines.
 15753 | D:10     | Found a roughly hewn altar of Beogh.
 15846 | D:10     | Found a blossoming altar of Fedhas.
 16163 | D:11     | Noticed an eight-headed hydra
 16169 | D:11     | Killed an eight-headed hydra
 16169 | D:11     | Reached **** piety under Sif Muna
 16169 | D:11     | Reached skill level 5 in Invocations
 16169 | D:11     | Reached XP level 11. HP: 49/62 MP: 1/25
 16343 | D:11     | Found a radiant altar of Vehumet.
 16380 | D:11     | Shot with an arrow by a centaur

Skill      XL: |  1  2  3  4  5  6  7  8  9 10 |
---------------+-------------------------------+-----
Conjurations   | 5 6 7 9 10 11 | 11.3
Dodging        | 3 4 5 6 9 |  9.0
Hexes          | 1 2 3 4 6 8 9 |  9.1
Spellcasting   | 5 7 8 |  8.2
Fighting       | 2 4 |  4.8
Invocations    | 2 5 |  5.1
Translocations | 2 |  2.9
Stealth        | |  2.4

Action                   |  1- 3 |  4- 6 |  7- 9 | 10-12 || total
-------------------------+-------+-------+-------+-------++-------
Melee: Dagger            |    18 |    27 |       |       ||    45
       Rapier            |       |       |    27 |       ||    27
       Staff             |       |       |     6 |     8 ||    14
 Fire: Blowgun           |       |       |     1 |       ||     1
 Cast: Magic Dart        |    72 |    50 |    96 |    37 ||   255
       Searing Ray       |     4 |    24 |    53 |    38 ||   119
       Fulminant Prism   |       |     1 |    13 |    18 ||    32
       Dazzling Spray    |       |       |     4 |     4 ||     8
       Iskenderun's Myst |       |       |       |    12 ||    12
Evoke: Wand              |       |       |    11 |     1 ||    12
  Use: Scroll            |     1 |     5 |     8 |     2 ||    16
       Potion            |       |       |     3 |       ||     3
 Stab: Sleeping          |     1 |       |       |       ||     1
  Eat: Chunk             |     3 |     3 |     5 |     7 ||    18
       Bread ration      |       |     1 |     4 |     2 ||     7
       Meat ration       |       |     1 |       |       ||     1
Armor: Robe              |     3 |    51 |    10 |    10 ||    74
Dodge: Dodged            |    16 |   135 |    94 |    57 ||   302
